 Dungeon Crawl Stone Soup version 0.32-a0-886-g41c5271027 (webtiles) character file.

Game seed: 5216944013439809821

47 Fodor the Shield-Bearer (level 3, -2/33 HPs)
             Began as a Minotaur Fighter on Apr 2, 2024.
             Slain by Sigmund
             ... wielding a +0 scythe
              (7 damage)
             ... on level 2 of the Dungeon.
             The game lasted 00:03:46 (548 turns).

Fodor the Shield-Bearer (Minotaur Fighter)           Turns: 548, Time: 00:03:47

Health: -2/33      AC:  8    Str: 22    XL:     3   Next: 48%
Magic:  2/2        EV:  8    Int:  5    God:
Gold:   47         SH:  4    Dex:  9    Spells: 2/2 levels left

rFire   . . .        a - +0 war axe
rCold   . . .        c - +0 buckler
rNeg    . . .        b - +0 scale mail
rPois   .            (helmet restricted)
rElec   .            (no cloak)
rCorr   .            f - +0 pair of gloves
SInv    .            (no boots)
Will    .....        (no amulet) Stlth
                     (no ring)
HPRegen 0.25/turn    (no ring)
MPRegen 0.08/turn

%: no passive effects
@: no status effects
A: horns 2, retaliatory headbutt
a: no special abilities


You were on level 2 of the Dungeon.
You visited 1 branch of the dungeon, and saw 2 of its levels.

You collected 47 gold pieces.

Inventory:

Hand Weapons
 a - a +0 war axe (weapon)
Armour
 b - a +0 scale mail (worn)
 c - a +0 buckler (worn)
 f - a +0 pair of gloves (worn)
Scrolls
 e - a scroll of blinking {unknown}
Potions
 d - a potion of might
 g - a potion of degeneration {unknown}
 h - a potion of invisibility {unknown}


   Skills:
 + Level 4.1 Fighting
 + Level 3.2 Axes
 + Level 4.0 Armour
 + Level 0.1 Dodging
 + Level 4.2 Shields


You had 2 spell levels left.
You didn't know any spells.
Your spell library contained the following spells:

 Spells                   Type           Power      Damage    Failure   Level
 Sublimation of Blood     Necr           0%         N/A       94%         2
 Petrify                  Alch/Erth      0%         N/A       100%        4
 Irradiate                Conj/Alch      0%         3d11      100%        5


Dungeon Overview and Level Annotations

Branches:
Dungeon (2/15)

Altars:

Annotations:
D:2 Sigmund


Innate Abilities, Weirdness & Mutations

You have a pair of horns on your head.
You reflexively headbutt those who attack you in melee.


Message History

You kill the goblin!
The adder bites you but does no damage. You block the adder's attack.
You slash the adder!
You kill the adder!
Your Armour skill increases to level 4!
HP restored.
Found a stone staircase leading down.
There is a stone staircase leading down here.
Found an escape hatch in the ceiling.
You now have 47 gold pieces (gained 13).
A hobgoblin comes into view.
Found a scroll labelled NIAMPA BOTHAC.
The hobgoblin shouts!
You hear a shout!
Sigmund the Dreaded comes into view.
He is wielding a +0 scythe.
Sigmund shouts!
A dart slug comes into view. x2
You block the hobgoblin's attack.
The hobgoblin hits you but does no damage.
The hobgoblin attacks as it pursues you!
The hobgoblin hits you.
The hobgoblin hits you but does no damage.
The hobgoblin attacks as it pursues you!
The hobgoblin hits you.
You hit the hobgoblin. You headbutt the hobgoblin.
You kill the hobgoblin!
Sigmund casts a spell.
Sigmund flickers and vanishes!
Deactivating autopickup; reactivate with Ctrl-A.
You hit something. Your headbutt misses something. Something hits you.
You miss something. Something hits you.
You miss something. Your headbutt misses something.
Something hits you but does no damage.
You closely miss something. Something hits you.
You miss something. Something hits you!
You closely miss something. Something hits you.
* * * LOW HITPOINT WARNING * * *
You hit something.
The dart slug briefly extends its eye-stalks.
Something hits you!
You die...

#...#.......###...##
...######.#####<.........
......##..# ...........
#.....##..# +.........
#.....##..# #........#
#.w...##..#.#####.....
#.....##....#
+.....##.#..#
##.....##@#.....
.......?.#{###.###
.....w...ww# ..#
..##.###.#...# ..# . #.
#.#.<.# .. # #.#...#
#.#...# #.+...+ ###...#


You could see 2 dart slugs.

Vanquished Creatures
  An adder (D:2)
  3 dart slugs
  2 ball pythons (D:1)
  An endoplasm (D:1)
  3 goblins
  4 hobgoblins
  4 kobolds
  2 quokkas (D:1)
  6 bats (D:1)
  2 frilled lizards (D:1)
  2 rats (D:1)
30 creatures vanquished.

Notes
Turn   | Place    | Note
-------+----------+-------------------------------------------
     0 | D:1      | Fodor the Minotaur Fighter began the quest for the Orb.
     0 | D:1      | Reached XP level 1. HP: 19/19 MP: 0/0
     6 | D:1      | Noticed a polar bear
     6 | D:1      | Noticed a rime drake
     6 | D:1      | Noticed a black mamba
     7 | D:1      | Noticed a snapping turtle
    68 | D:1      | Reached XP level 2. HP: 24/27 MP: 1/1
   272 | D:1      | Reached XP level 3. HP: 31/33 MP: 2/2
   532 | D:2      | Noticed Sigmund
   548 | D:2      | Slain by Sigmund

Illustrated notes

Levels and vault maps discovered:
D:1:      onia_arrival_zoo_common, layout_rooms
D:2:      layout_basic, minmay_pentomino_pile, uniq_sigmund

Skill      XL: |  1  2  3 |
---------------+----------+-----
Shields        | 4 |  4.2
Fighting       | 4 |  4.1
Axes           | 3 |  3.2
Armour         | 4 |  4.0
Dodging        | |  0.1

Action                     || total
---------------------------++-------
  Melee: War axe           ||    52
         Headbutt          ||     5
 Armour: Scale mail        ||    55
  Dodge: Dodged            ||    36
  Block: Buckler           ||    14

Table legend: (Time is in decaauts)
 A = Elapsed time spent in this place.
 B = Non-inter-level travel time spent in this place.
 C = Inter-level travel time spent in this place.
 D = Time resting spent in this place.
 E = Time spent auto-exploring this place.
 F = Levels seen in this place.
 G = Mean time per level.
                   A        B        C        D        E       F      G
               +--------+--------+--------+--------+--------+-----+--------+
         Total |    568 |    562 |      6 |      0 |    366 |   2 |  284.0 |
       Dungeon |    568 |    562 |      6 |      0 |    366 |   2 |  284.0 |
               +--------+--------+--------+--------+--------+-----+--------+

Top non-repeatable levels by time:
     D:1: 490 daAuts
     D:2: 78 daAuts
